 Dungeon Crawl Stone Soup version 0.29.0-4-gdea44cf6ec (webtiles) character file.

Game seed: 13665096052290726404

13 qw the Caller (level 2, -1/23 HPs)
             Began as a Ghoul Summoner on Sept 10, 2022.
             Slain by a quokka (3 damage)
             ... on level 1 of the Dungeon.
             The game lasted 00:00:10 (369 turns).

qw the Caller (Ghoul Summoner)                       Turns: 369, Time: 00:00:10

Health: -1/23      AC:  2    Str: 11    XL:     2   Next: 37%
Magic:  0/3        EV: 12    Int: 10    God:
Gold:   43         SH:  0    Dex:  9    Spells: 3/4 levels left

rFire   . . .      SeeInvis .   c - +0 club
rCold   + . .      Faith    .   (no shield)
rNeg    + + +      Spirit   .   a - +0 robe
rPois   inf        Reflect  .   (no helmet)
rElec   .          Harm     .   (no cloak)
rCorr   .          Rampage  .   (no gloves)
Will    .....                   (no boots)
Stlth   ++........              (no amulet)
HPRegen 0.00/turn               (no ring)
MPRegen 0.08/turn               (no ring)

@: inhibited regen
A: claws 1, cold resistance 1, negative energy resistance 3, inhibited
regeneration, torment resistance 2, devour on kill
a: no special abilities


You were on level 1 of the Dungeon.
You visited 1 branch of the dungeon, and saw 1 of its levels.

You collected 43 gold pieces.


Innate Abilities, Weirdness & Mutations

You are immune to poison.
You have sharp fingernails.
Your flesh is cold resistant. (rC+)
You are immune to negative energy. (rN+++)
You do not regenerate when monsters are visible.
You are immune to unholy pain and torment.
You thrive by killing the living.


   Skills:
 - Level 1.0 Fighting
 + Level 1.3 Axes
 - Level 1.7 Dodging
 - Level 2.1 Stealth
 - Level 1.7 Spellcasting
 - Level 3.6 Summonings


You had 3 spell levels left.
You knew the following spells:

 Your Spells              Type           Power      Damage    Failure   Level
a - Summon Small Mammal   Summ           32%        N/A       8%          1

Your spell library contained the following spells:

 Spells                   Type           Power      Damage    Failure   Level
 Call Imp                 Summ           8%         N/A       11%         2
 Call Canine Familiar     Summ           8%         N/A       22%         3
 Summon Guardian Golem    Hex/Summ       4%         N/A       43%         3
 Summon Lightning Spire   Summ/Air       4%         N/A       83%         4

Inventory:

Hand Weapons
 c - a +0 club (weapon)
Missiles
 d - 2 javelins (quivered)
Armour
 a - a +0 robe (worn)
 g - a +0 chain mail
Potions
 b - a potion of magic
 e - a potion of invisibility {unknown}
 f - 2 potions of lignification {unknown}
 h - a potion of berserk rage {unknown}

Dungeon Overview and Level Annotations

Branches:
Dungeon (1/15)

Altars:


Message History

The dart slug misses you. The giant cockroach barely misses you.
You hit the dart slug.
You kill the dart slug!
The giant cockroach closely misses you.
The giant cockroach bites you but does no damage.
361 ||| CASTING Summon Small Mammal
Casting: Summon Small Mammal (safe; 8% risk of failure)
Confirm with . or Enter, or press ? or * to list all spells.
The giant cockroach misses you.
Your magical contamination has completely faded away.
You hit the giant cockroach.
The giant cockroach is heavily wounded.
Your bat closely misses the giant cockroach.
The giant cockroach barely misses you.
You barely miss the giant cockroach.
The giant cockroach is heavily wounded.
Your bat hits the giant cockroach. The giant cockroach closely misses you.
Your bat hits the giant cockroach but does no damage.
The giant cockroach bites your bat. The quokka closely misses your bat.
You hit the giant cockroach.
The giant cockroach is severely wounded.
Your bat hits the giant cockroach but does no damage.
The giant cockroach barely misses you.
Your bat barely misses the quokka.
You barely miss the giant cockroach.
The giant cockroach is severely wounded.
The giant cockroach closely misses you. The giant cockroach bites you.
The quokka bites you.
You hit the giant cockroach.
You kill the giant cockroach!
Your bat completely misses the quokka.
The quokka barely misses you.
You barely miss the quokka. Your bat misses the quokka.
The quokka closely misses you. The quokka bites you.
You miss the quokka. Your bat hits the quokka. The quokka bites you.
Your bat closely misses the quokka.
You hit the quokka.
The quokka is severely wounded.
Your bat closely misses the quokka.
The quokka barely misses you. The quokka bites you.
You die...

...######.........|............#
..........###.##.################
...######## #.##.# #.#######.
#..# #....# #.#~~~~.(. #..#
###..### #.~~~~~... #..## ##...
#.~~~~~... #...###### ##.#
#.~~~~~... #........#
###.###.##.~~..~.<.
#........######.@r....!..~~~.....
#...............#b..####.~~~.....
##...%...########........~~~~..~.
##.......# ........#~~~~.~~
.........# ....... #~~~~~~~
##.......# ....... ########
#.......# ....... #......>#
....... #.......#


You could see a quokka (ally target) and a friendly bat (summoned).

Vanquished Creatures
  A dart slug (D:1)
  An endoplasm (D:1)
  A giant cockroach (D:1)
  A goblin (D:1)
  3 hobgoblins (D:1)
7 creatures vanquished.

Vanquished Creatures (collateral kills)
  A hobgoblin (D:1)
  A ball python (D:1)
2 creatures vanquished.

Grand Total: 9 creatures vanquished

Notes
Turn   | Place    | Note
-------+----------+-------------------------------------------
     0 | D:1      | qw the Ghoul Summoner began the quest for the Orb.
     0 | D:1      | Reached XP level 1. HP: 14/14 MP: 2/2
     0 | D:1      | 0 ||| qw: Version: 0.1-a-116-g5d60599
     0 | D:1      | 0 ||| qw: Game counter: 7495
     0 | D:1      | 0 ||| qw: Always use a shield: true
     0 | D:1      | 0 ||| qw: God list: Okawaru
     0 | D:1      | 0 ||| qw: Allow faded altars: false
     0 | D:1      | 0 ||| qw: Do Orc after D:15 true
     0 | D:1      | 0 ||| qw: Do second Lair branch before Depths: true
     0 | D:1      | 0 ||| qw: Lair rune preference: random
     0 | D:1      | 0 ||| qw: Plans: Normal
     0 | D:1      | 0 ||| PLANNING D:1-11
     3 | D:1      | 3 ||| Wielding weapon +0 club.
    17 | D:1      | 17 ||| CASTING Summon Small Mammal
    18 | D:1      | 18 ||| CASTING Summon Small Mammal
    28 | D:1      | 28 ||| CASTING Summon Small Mammal
    98 | D:1      | 98 ||| CASTING Summon Small Mammal
   100 | D:1      | 100 ||| CASTING Summon Small Mammal
   148 | D:1      | 148 ||| CASTING Summon Small Mammal
   149 | D:1      | 149 ||| CASTING Summon Small Mammal
   153 | D:1      | Reached skill level 1 in Axes
   191 | D:1      | 191 ||| CASTING Summon Small Mammal
   192 | D:1      | 192 ||| CASTING Summon Small Mammal
   233 | D:1      | 233 ||| CASTING Summon Small Mammal
   234 | D:1      | 234 ||| CASTING Summon Small Mammal
   236 | D:1      | Reached skill level 1 in Fighting
   236 | D:1      | Reached XP level 2. HP: 23/23 MP: 0/3
   274 | D:1      | 274 ||| CASTING Summon Small Mammal
   275 | D:1      | 275 ||| CASTING Summon Small Mammal
   276 | D:1      | 276 ||| CASTING Summon Small Mammal
   349 | D:1      | 349 ||| CASTING Summon Small Mammal
   350 | D:1      | 350 ||| CASTING Summon Small Mammal
   351 | D:1      | 351 ||| CASTING Summon Small Mammal
   361 | D:1      | 361 ||| CASTING Summon Small Mammal
   368 | D:1      | HP: 2/23 [quokka (5)]
   369 | D:1      | Slain by a quokka

Levels and vault maps discovered:
D:1:      dpeg_arrival_pond, layout_rooms, shapermc_ecumenical_altar_gd,
          chequers_serial_rivers_micro_d, hangedman_decor_peaks_small

Skill      XL: |  1 |
---------------+----+-----
Axes           | 1 |  1.3
Fighting       | 1 |  1.0
Dodging        | |  1.7
Stealth        | |  2.1
Spellcasting   | |  1.7
Summonings     | |  3.6

Action                   || total
-------------------------++-------
Melee: Club              ||    24
Throw: Javelin           ||     5
 Cast: Summon Small Mamm ||    14
Armor: Robe              ||     4
Dodge: Dodged            ||    19

Table legend:
 A = Non-vault XP
 B = Vault XP
 C = Vault XP percentage of total XP
 D = Non-vault monster count
 E = Vault monster count
 F = Vault count percentage of total count
                 A         B        C        D         E       F
            +---------+---------+-------+---------+---------+-------
      Total |      19 |       0 |   0.0 |       9 |       0 |   0.0
            +---------+---------+-------+---------+---------+-------
        D:1 |      19 |       0 |   0.0 |       9 |       0 |   0.0
            +---------+---------+-------+---------+---------+-------
